 Dungeon Crawl Stone Soup version 0.28-a0-461-g2dc4ca5097 (webtiles) character file.

Game seed: 5452199644781324791

762 Sargento the Slasher (level 7, 0/94 HPs)
             Began as a Minotaur Berserker on Sept 13, 2021.
             Was a Priest of Trog.
             Succumbed to a gnoll's poison
             ... on level 5 of the Dungeon on Sept 14, 2021.
             The game lasted 00:23:17 (3989 turns).

Sargento the Slasher (Minotaur Berserker)           Turns: 3989, Time: 00:23:25

Health: 0/94       AC: 11    Str: 21    XL:     7   Next: 51%
Magic:  6/6        EV:  8    Int:  4    God:    Trog [***...]
Gold:   130        SH:  3    Dex: 12    Spells: 6/6 levels left

rFire   + . .      SeeInvis .   a - +0 falchion
rCold   + . .      Faith    .   s - +0 buckler
rNeg    . . .      Spirit   .   r - +0 chain mail
rPois   .          Reflect  .   (helmet restricted)
rElec   .          Harm     .   j - scarf {rC+ rF+}
rCorr   .          Rampage  .   n - +0 pair of gloves
Will    .....                   (no boots)
Stlth   ..........              (no amulet)
HPRegen 0.25/turn               (no ring)
MPRegen 0.10/turn               (no ring)

@: berserking (expiring), lethally poisoned (0 -> -10), very quick
A: horns 2, retaliatory headbutt
a: Renounce Religion, Berserk, Trog's Hand


You were on level 5 of the Dungeon.
You worshipped Trog.
Trog was most pleased with you.
You visited 1 branch of the dungeon, and saw 6 of its levels.

You collected 130 gold pieces.


Innate Abilities, Weirdness & Mutations

You have a pair of horns on your head.
You reflexively headbutt those who attack you in melee.


   Skills:
 + Level 6.1 Fighting
 + Level 6.2 Long Blades
 + Level 5.5 Armour
 + Level 5.0 Dodging


You had 6 spell levels left.
You didn't know any spells.
Your spell library was empty.

Inventory:

Hand Weapons
 a - a +0 falchion (weapon)
Missiles
 k - 4 silver boomerangs (quivered)
Armour
 j - a scarf of resistance (worn)
   (You found it on level 1 of the Dungeon)
 n - a +0 pair of gloves (worn)
   (You found it on level 2 of the Dungeon)
 r - a +0 chain mail (worn)
   (You found it on level 3 of the Dungeon)
 s - a +0 buckler (worn)
   (You found it on level 4 of the Dungeon)
Jewellery
 i - an amulet of guardian spirit {Spirit}
   (You found it on level 1 of the Dungeon)
Scrolls
 b - a scroll of magic mapping {!r, unknown}
 c - 7 scrolls of identify {!r, unknown}
 d - 2 scrolls of summoning {!r, unknown}
 e - 4 scrolls of teleportation {!r, unknown}
 f - 2 scrolls of enchant armour {!r, unknown}
 l - a scroll of noise {!r, unknown}
 t - a scroll of torment {!r, unknown}
 u - a scroll of immolation {!r, unknown}
 v - 2 scrolls of acquirement {!r, unknown}
Potions
 g - a potion of attraction {unknown}
 h - 3 potions of heal wounds {unknown}
 m - a potion of might {unknown}
 o - 2 potions of curing {unknown}
 p - a potion of degeneration {unknown}
 q - 4 potions of flight {unknown}

Dungeon Overview and Level Annotations

Branches:
Dungeon (6/15)             Temple (0/1) D:4

Altars:
The Shining One

..# . ####.# .#
#.#@## # #.
#.##.## #### #.#
#.#..# .#.. ...#
#..### ...# #..#
#.## ..#
#..#####.# .##
#..#....# .#
#....##.# .##
##...## #.# ..##
###....## .#
##.####.......###
#
##....####.....#
#..### #....##
#..## ##.[##
##..## #.##
##...#####.#


You could see a gnoll.


Message History

Ye be too injured ta fight recklessly!!!
Ye be too injured ta fight recklessly!!!
Unknown command!
Ye be too injured ta fight recklessly!!!
Ye be too injured ta fight recklessly!!!
Ye be too injured ta fight recklessly!!!
Ye be too injured ta fight recklessly!!!
Ye slice tha gnoll like a ripe choko!
Tha gnoll be lightly wounded!
Tha gnoll barely misses ye!
Ye chop tha gnoll inta pieces!!!
Tha gnoll be almost dead!
Tha gnoll hits ye wit' a +2 vampiric spear!
* * * LOW HITPOINT WARNIN'
* * * Tha gnoll draws str'ngth from yer wounds!!!
Damage: -4%(-3hp) hp: 50%(31hp) Ye slice tha gnoll like a ripe choko!
Ye annihilate tha gnoll!!!
Ye see 'ere a +2 vampiric spear!
Ye now haf 107 gold pieces (gain'd 18)! butt - 3 metallic white potions (gain'd 1)
c - 7 scrolls labelled ICKAIGG ZUCEDGH {!!.r} (gain'd 1)
e - 4 scrolls labelled NUIRGHA CIUFIM {!!.r} (gain'd 1) Thar be a large op'n door 'ere!
Ye op'n tha door!
Thar be an op'n door 'ere!
Ye op'n tha door!
Thar be an op'n door 'ere!
Thar be an op'n door 'ere!
Ye op'n tha door!
Thar be an op'n door 'ere!
Thar be an op'n door 'ere!
Ye op'n tha door!
Found a scale butt!
Thar be an op'n door 'ere!
Butt op'n tha door!
Thar be an op'n door 'ere!
Thar be a large butt door 'ere!
Thar be a large op'n door 'ere!
Ye see 'ere a +2 vampiric spear!
Options error: Bad object type '%\' for autopickup. (~/.crawlrc:96) Options error: Bad channel -- pray (~/.crawlrc:1372) Welcome back, Sargenta tha Minotaur Berserker!
Trog says: Annihilate 'em all!!!
Press ? fer a list o' commands an' othar information!
Thar be a large op'n door 'ere!
Ye op'n tha door!
Thar be an op'n door 'ere!
Thar be an op'n door 'ere!
Thar be an op'n butt butt!
As ye op'n tha door, it creaks loudly!!!
Ye see 'ere a +0 scale mail!
Thar be an op'n door 'ere!
Thar be an op'n door 'ere!
Ye op'n tha door!
Done 'splorin'!
Thar be an op'n door 'ere!
Thar be a staircase ta tha Ecumenical Temple 'ere!
Unknown command!
Thar be an op'n door 'ere!
Thar be a stone staircase leadin' down 'ere!
Ye climb downwards!
Thar be a stone staircase leadin' up 'ere!
Thin's tha be 'ere: a +0 mace; an orc skeleton Ye now haf 116 gold pieces (gain'd 9)!
Found 16 bolts!
Found a stone staircase leadin' down!
Thar be a stone staircase leadin' down 'ere!
v - a scroll labelled RAYHOF RUESCH {!!.r}
d - 2 scrolls labelled ZAKYDAGUIG {!!.r} (gain'd 1) Ye now haf 122 gold pieces (gain'd 6)!
Found a butt!
A centaur comes inta view!
Found a metallic white potion!
Tha centaur shouts!!!
Tha centaur wields a +0 shortbow!
Tha centaur shoots an arrow!
Tha arrow hits ye!!!
Damage: -12%(-8hp) hp: 88%(55hp) Ye see 'ere 8 gold pieces!
Tha centaur shoots an arrow!
Tha arrow barely misses ye!
Found an 'scape hatch in tha ceilin'!
Tha centaur unwields a +0 shortbow!
Tha centaur hits ye but does nay damage!
Ye block tha centaur's attack!
Ye op'n tha centaur like a pillowcase!
Ye headbutt tha centaur!!!
Tha centaur be almost dead!
Tha centaur barely misses ye! x2
Tha centaur hits ye but does nay damage!
Tha centaur barely misses ye!
Ye slice tha centaur like a ripe choko!
Tha centaur be almost dead!
Tha centaur hits ye but does nay damage!
Tha centaur kicks ye!
Damage: -2%(-1hp) hp: 86%(54hp) Ye barely miss tha centaur!
Tha centaur be almost dead!
Tha centaur hits ye but does nay damage!
Tha centaur butts ye but does nay butt!
Tha centaur closely misses ye!
Tha centaur kicks ye but does nay damage!
Ye carve tha centaur like a ham!
Ye annihilate tha centaur!!!
HP restored!
Found a stone staircase leadin' up!
Thin's tha be 'ere: a +0 shortbow; 12 arrows; a +0 robe Ye now haf 130 gold pieces (gain'd 8)!
q - 4 metallic white potions (butt 1)
v - 2 scrolls labelled RAYHOF RUESCH {!!.r} (gain'd 1) 2 gnolls come inta view!
A gnoll be wieldin' a +2 whip o' venom!
Tha gnoll shouts!!! x2
A gnoll comes inta view!
It be wieldin' a +0 whip!
Tha gnoll shouts!!!
Unknown command!
Tha gnoll hits ye wit' a +2 whip o' venom!
Ye be poison'd!
Tha gnoll hits ye from afar wit' a +0 spear!
Damage: -6%(-4hp) hp: 94%(59hp) Ye op'n tha gnoll like a pillowcase!
Yer headbutt misses tha gnoll!
Tha gnoll be lightly wounded!
Ye feel very sick!
Tha gnoll hits ye wit' a +2 whip o' venom!
Ye be more poison'd!
Tha gnoll hits ye but does nay damage!
Damage: -9%(-6hp) hp: 85%(53hp) Ye cut tha gnoll inta ribbons!
Ye headbutt tha gnoll, but do nay damage!
Tha gnoll be moderately wounded!
Ye feel very sick!
Ye block tha gnoll's attack!
Tha gnoll butts ye but does nay damage!
Damage: -8%(-5hp) hp: 77%(48hp) Ye cut tha gnoll inta ribbons!
Ye headbutt tha gnoll!
Tha gnoll be severely wounded!
Ye feel very sick!
Tha gnoll hits ye wit' a +2 whip o' venom!
* * * LOW HITPOINT WARNIN'
* * * Ye be more poison'd!
Tha gnoll hits ye but does nay damage!
Damage: -13%(-8hp) hp: 64%(40hp) Ye chop tha gnoll inta pieces!
Tha gnoll be almost dead!
Ye feel very sick!
Tha butt hits ye but does nay damage!
Ye be more poison'd!
Ye block tha gnoll's attack!
Tha gnoll hits ye wit' a +2 whip o' venom!!!
* * * LOW HITPOINT WARNIN'
* * * Ye be leth'lly poison'd!!!
Huge Dmg: -21%(-13hp) hp: 43%(27hp)
A red film seems ta co'er yer vision as ye go berserk!!!
Ye feel yerself movin' faster!!!
Ye feel mighty!!!
* * * LOW HITPOINT WARNIN'
* * * Ye feel 'stremely sick!
Tha gnoll hits ye from afar wit' a +0 spear!
* * * LOW HITPOINT WARNIN'
* * * Tha gnoll hits ye but does nay damage!
Butt be leth'lly poison'd!!!
Yer chain mail prevents ye from hittin' tha gnoll!
Tha gnoll be almost dead!
* * * LOW HITPOINT WARNIN'
* * * Ye feel very sick!
Tha gnoll barely misses ye!
Damage: -5%(-5hp) hp: 26%(24hp) Ye carve tha gnoll like a ham!!!
Ye annihilate tha gnoll!!!
* * * LOW HITPOINT WARNIN'
* * * Ye feel very sick!
Tha gnoll barely misses ye!
Yer Dodgin' skill increases ta level 5!!!
Huge Dmg: -5%(-5hp) hp: 21%(19hp) Ye cut tha gnoll inta ribbons!
Tha gnoll be lightly wounded!
* * * LOW HITPOINT WARNIN'
* * * Ye feel very sick!
Tha gnoll hits ye but does nay damage!
Tha gnoll barely misses ye!
Huge Dmg: -5%(-4hp) hp: 16%(15hp) Ye closely miss tha gnoll!
Tha gnoll be lightly wounded!
* * * LOW HITPOINT WARNIN'
* * * Butt feel very sick!
Huge Dmg: -4%(-4hp) hp: 12%(11hp) Butt closely miss tha gnoll!
Yer headbutt misses tha gnoll!
Tha butt be lightly wounded!
* * * LOW HITPOINT WARNIN'
* * * Ye feel sick!
Tha gnoll hits ye wit' a +0 whip!
* * * LOW HITPOINT WARNIN'
* * * Tha gnoll barely misses ye!
Huge Dmg: -5%(-5hp) hp: 7%(6hp) Ye be too berserk!!!
Ye carve tha gnoll like a ham!
Ye headbutt tha gnoll!!!
Ye annihilate tha gnoll!!!
* * * LOW HITPOINT WARNIN'
* * * Ye feel very sick!
Ye block tha gnoll's attack!
Huge Dmg: -3%(-3hp) hp: 4%(3hp)
* * * LOW HITPOINT WARNIN'
* * * Ye feel sick!
Huge Dmg: -2%(-2hp) hp: 2%(1hp) Ye feel a strong urge ta attack somethin'!
Ye die!!!

Levels and vault maps discovered:
D:1:      minmay_arrival_diagonal_passages, layout_loops_cross
D:2:      layout_basic, basic_altar
D:3:      minmay_spotlight, layout_loops_ring
D:4:      layout_gridville, minmay_temple_entry_mini_moons,
          serial_bayou_lagoon_a, chequers_serial_rivers_small_b,
          hangedman_decor_growths, minmay_mini_jars
D:5:      layout_layer_cave
D:6:      layout_cave_pools, uniq_maggie

Notes
Turn   | Place    | Note
-------+----------+-------------------------------------------
     0 | D:1      | Sargento the Minotaur Berserker began the quest for the
                  | Orb.
     0 | D:1      | Reached XP level 1. HP: 19/19 MP: 0/0
   344 | D:1      | Reached XP level 2. HP: 27/27 MP: 1/1
   812 | D:1      | Reached XP level 3. HP: 32/33 MP: 2/2
  1309 | D:2      | Reached ** piety under Trog
  1530 | D:2      | Reached XP level 4. HP: 36/41 MP: 3/3
  1761 | D:2      | Found a glowing golden altar of the Shining One.
  2134 | D:3      | Noticed an ice beast
  2317 | D:4      | Found a staircase to the Ecumenical Temple.
  2348 | D:4      | Reached XP level 5. HP: 47/47 MP: 4/4
  2467 | D:4      | You fall into a shaft and drop 2 floors!
  2475 | D:5      | Entered Level 5 of the Dungeon
  2585 | D:5      | Reached skill level 5 in Long Blades
  2616 | D:5      | Noticed a phantom
  2653 | D:5      | Killed a phantom
  2654 | D:5      | Reached skill level 5 in Fighting
  2654 | D:5      | Reached XP level 6. HP: 39/56 MP: 5/5
  2898 | D:4      | Reached *** piety under Trog
  2908 | D:4      | Reached skill level 5 in Armour
  2908 | D:4      | Reached XP level 7. HP: 41/62 MP: 6/6
  3984 | D:5      | Reached skill level 5 in Dodging
  3987 | D:5      | HP: 3/94 [poisoned by a gnoll]
  3988 | D:5      | HP: 1/94 [poisoned by a gnoll]
  3989 | D:5      | Succumbed to a gnoll's poison

Vanquished Creatures
  An ogre (D:4)
  A phantom (D:5)
  A centaur (D:5)
  3 scorpions (D:4)
  2 hounds (D:4)
  A centaur skeleton (D:4)
  A gnoll shaman (D:4)
  2 iguanas
  A hound skeleton (D:5)
  3 gnolls
  6 adders
  2 adder skeletons (D:4)
  A worm (D:2)
  5 dart slugs
  An orc (D:5)
  6 bats
  6 endoplasms
  4 giant cockroaches
  6 goblins
  5 hobgoblins
  4 jackals
  4 kobolds
  4 quokkas
  8 ball pythons
  3 frilled lizards
  A rat (D:1)
82 creatures vanquished.

Action                   |  1- 3 |  4- 6 |  7- 9 || total
-------------------------+-------+-------+-------++-------
Melee: Falchion          |    81 |   106 |    45 ||   232
       Headbutt          |    11 |    21 |     9 ||    41
Invok: Berserk           |       |     1 |     1 ||     2
Armor: Animal skin       |    16 |       |       ||    16
       Scale mail        |       |    24 |       ||    24
       Chain mail        |       |    59 |    28 ||    87
Dodge: Dodged            |    45 |    54 |    21 ||   120
Block: Buckler           |       |    11 |     8 ||    19
